Cogmind - Beta 16 @@@ ROGUE MODE // 2025.11.30 @ 00:15:43 Player: OG DANIEL Result: Destroyed by 8H-CSY(R) with Subdweller Laser Performance ------------- Evolutions (0) 0 Regions Visited (2) 400 Robots Destroyed (6) 30 Value Destroyed (173) 173 Prototype IDs (0) 0 Alien Tech Used (0) 0 Bonus (0) 0 TOTAL SCORE: 603 Bonus ------- None Cogmind --------- Core Integrity 0/250 Matter 158/300 Energy 250/250 System Corruption 0% Temperature Cool (6) Movement Core (200) Ox3 Location -10/Subcaves Parts ------- > --- POWER (1) -------- Ion Engine > --- PROPULSION (2) --- (None) > --- UTILITY (2) ------ Small Storage Unit > --- WEAPON (2) ------- (None) > --- INVENTORY (8) ---- Aluminum Leg Compact Wheel Subdweller Optics Peak State ------------ > --- POWER ------------ Ion Engine > --- PROPULSION ------- Light Treads Light Treads > --- UTILITY ---------- Small Storage Unit Improved Terrain Scanner > --- WEAPON ----------- Assault Rifle Assault Rifle > --- INVENTORY -------- Ion Engine Aluminum Leg Aluminum Leg Compact Wheel Compact Wheel Light Assault Rifle [Rating: 9] Favorites ----------- Power Light Ion Engine Engine Light Ion Engine Propulsion Light Treads Treads Light Treads Leg Aluminum Leg Wheel Subdweller Monowheel Utility Small Storage Unit Device Improved Terrain Scanner Storage Small Storage Unit Weapon Assault Rifle Energy Gun Subdweller Laser Ballistic Gun Assault Rifle Launcher Grenade Launcher Build | -11 -10 -10 ------- Run | Yrd Mat Sub Slots Evolved . | . . . Power . | . . . Propulsion . | . . . Utility . | . . . Weapon . | . . . Parts Attached 15 | 11 . 4 Power 3 | 2 . 1 Engine 3 | 2 . 1 Core . | . . . Reactor . | . . . Propulsion 5 | 4 . 1 Treads 2 | 2 . . Leg 2 | 2 . . Wheel 1 | . . 1 Hover . | . . . Flight . | . . . Utility 2 | 2 . . Device 1 | 1 . . Storage 1 | 1 . . Processor . | . . . Hackware . | . . . Protection . | . . . Artifact . | . . . Weapon 5 | 3 . 2 Energy Gun 1 | . . 1 Energy Cannon . | . . . Ballistic Gun 3 | 3 . . Ballistic Cannon . | . . . Launcher 1 | . . 1 Special Weapon . | . . . Impact Weapon . | . . . Slashing Weapon . | . . . Piercing Weapon . | . . . Special Melee Weapon . | . . . Unidentified Prototypes . | . . . Parts Lost 11 | . . 11 Power 1 | . . 1 Propulsion 4 | . . 4 Utility 1 | . . 1 Weapon 5 | . . 5 Highest Loss Streak 11 | . . 11 To Critical Strikes . | . . . Average Backups 6 | 4 7 7 Power 1 | 1 2 1 Propulsion 3 | 2 4 3 Utility . | . . . Weapon 1 | . 1 1 Tool/Special . | . . . Unused Backups 3 | . . 3 Power . | . . . Propulsion 2 | . . 2 Utility 1 | . . 1 Weapon . | . . . Tool/Special . | . . . Average Slot Usage (%) 94 | . 100 93 Engine 13 | . 14 13 Treads 24 | . 28 23 Device 13 | . 14 13 Storage 14 | . 14 14 Ballistic Gun 25 | . 28 24 Peak Build Rating 9 | 9 9 9 Average Rating 8 | 5 9 8 On Entrance 6 | . 9 9 Avg Prop Armor Cover (%) . | . . . Naked Turns . | . . . Heaviest Build 15 | 15 13 15 Greatest Support 40 | 40 40 40 Greatest Overweight (x) 4 | 4 . 3 Average Overweight (x) . | . . . Largest Inventory Capacity 8 | 8 8 8 Average Capacity 7 | 7 8 8 Most Carried 8 | 7 8 8 Average Carried 6 | 4 7 7 Final Capacity 8 | 8 8 8 Final Carried 8 | 7 8 3 Class Distribution -------------------- 100% | Mutant Dominant Class ---------------- Mutant | -10/Materials Mutant | -10/Subcaves Resources | -11 -10 -10 ----------- Run | Yrd Mat Sub Matter Collected 378 | 285 . 93 Remotely . | . . . Salvage Created 253 | 91 . 162 Parts 14 | 3 . 11 Haulers Intercepted . | . . . Recyclers Shooed . | . . . Parts Field Recycled . | . . . Retrieved Matter . | . . . Parts Self-Destructed . | . . . Prevented . | . . . Parts Restored . | . . . Kills | -11 -10 -10 ------- Run | Yrd Mat Sub Combat Hostiles Destroyed 4 | . . 4 Guns 3 | . . 3 AOE 1 | . . 1 Classes Destroyed 3 | 2 . 1 Tunneler 1 | 1 . . Recycler 1 | 1 . . Subdweller 4 | . . 4 Best Kill Streak 2 | 2 . 1 Combat Bots Only 1 | . . 1 Max Kills in Single Turn 1 | 1 . 1 Gunslinging . | . . . Exploded 1 | . . 1 Melee . | . . . Uniques/NPCs Destroyed . | . . . Combat | -11 -10 -10 -------- Run | Yrd Mat Sub Hostile Shots Fired 73 | . . 73 Missed 16 | . . 16 Hits 57 | . . 57 Projectile 57 | . . 57 Critical Strikes 1 | . . 1 Damage Taken 1371 | . . 1371 Core 257 | . . 257 Absorbed by Shields . | . . . Core Remaining (%) 100 | 100 . . Volleys Fired 43 | 8 . 35 Largest 2 | 2 . 2 Hottest 60 | 40 . 60 Shots Fired 73 | 16 . 57 Gun 71 | 16 . 55 Cannon . | . . . Launcher 2 | . . 2 Special . | . . . Kinetic 67 | 16 . 51 Thermal 4 | . . 4 Explosive 2 | . . 2 Electromagnetic . | . . . Robot Hit Streak 15 | 9 . 15 Robot Miss Streak 4 | 4 . 2 Penetration Max . | . . . Secondary Targets . | . . . Shots Hit Robots 57 | 10 . 47 Core Hits 14 | 3 . 11 Critical Kills . | . . . Critical Parts Destroyed . | . . . Critical Strikes . | . . . Melee Attacks . | . . . Impact . | . . . Slashing . | . . . Piercing . | . . . Sneak Attacks . | . . . Combat Hostiles . | . . . Follow-up Attacks . | . . . Damage Inflicted 771 | 124 . 647 Guns 566 | 124 . 442 Cannons . | . . . Explosions 198 | . . 198 Melee . | . . . Ramming 7 | . . 7 Kinetic 500 | 124 . 376 Thermal 66 | . . 66 Explosive 198 | . . 198 Electromagnetic . | . . . Impact . | . . . Slashing . | . . . Piercing . | . . . Highest Corruption . | . . . Average Corruption . | . . . Corruption Purged . | . . . Corruption Blocked . | . . . Overload Shots . | . . . Overflow Damage 3 | . . 3 Projectiles . | . . . Explosions 3 | . . 3 Melee . | . . . Knockbacks 1 | . . 1 Impact 1 | . . 1 Kinetic . | . . . Secondary . | . . . Self-Inflicted Damage 88 | . . 88 Shots 2 | . . 2 Rammed . | . . . Targets Rammed 4 | . . 4 Kicked 4 | . . 4 Crushed . | . . . Highest Temperature . | . . . Average Temperature . | . . . Received Heat Transfer 327 | . . 327 Siege Activations . | . . . Martial Activations . | . . . Shielding Activations . | . . . Robots Disrupted . | . . . Combat Hostiles . | . . . Robots Corrupted . | . . . Combat Hostiles . | . . . Parts Fried . | . . . Impact Corruptions . | . . . Robots Melted . | . . . Combat Hostiles . | . . . Parts Melted 1 | . . 1 Heat Transferred 75 | . . 75 Parts Sabotaged . | . . . Parts Stolen . | . . . Parts Stripped . | . . . Power Chain Reactions . | . . . Alert | -11 -10 -10 ------- Run | Yrd Mat Sub Maximum Alert Level . | . . . Low Security (%) 100 | 100 100 . Level 1 . | . . . Level 2 . | . . . Level 3 . | . . . Level 4 . | . . . Level 5 . | . . . High Security . | . . . Max Security . | . . . Peak Influence 5 | 5 . . Initial . | . . . Average . | . . . Influence Increases 10 | 10 . . Destroy 0b10 Robot/NC 10 | 10 . . Influence Decreases 10 | 10 . . Time Decay 10 | 10 . . Squads Dispatched 1 | . 1 . Investigation . | . . . Extermination . | . . . Reinforcement 1 | . 1 . Assault . | . . . Garrison . | . . . Intercept . | . . . Searches Triggered . | . . . Construction Impeded . | . . . Haulers Reinforced . | . . . Active Scanning Responses . | . . . Cargo Convoy Interrupts . | . . . Stealth | -11 -10 -10 --------- Run | Yrd Mat Sub Distress Signals . | . . . Communications Jammed . | . . . Distress Signals . | . . . Times Spotted 5 | . . 5 Peak Tracking Total 3 | . . 3 Tactical Retreats . | . . . Traps | -11 -10 -10 ------- Run | Yrd Mat Sub Traps Triggered . | . . . Indirectly . | . . . Trap Hack Attempts . | . . . Triggered . | . . . Disarmed . | . . . Reprogrammed . | . . . Reused . | . . . Traps Extracted . | . . . Installed . | . . . Triggered . | . . . Machines | -11 -10 -10 ---------- Run | Yrd Mat Sub Machines Disabled . | . . . Max in Single Turn . | . . . Machines Repaired . | . . . Machines Dismantled . | . . . Machines Sabotaged . | . . . Overloaded Fab Kills . | . . . Hacking | -11 -10 -10 --------- Run | Yrd Mat Sub Machines Accessed 1 | . 1 . Terminals 1 | . 1 . Fabricators . | . . . Repair Stations . | . . . Recycling Units . | . . . Scanalyzers . | . . . Garrison Access . | . . . Total Hacks 1 | . 1 . Successful 1 | . 1 . Failed . | . . . Catastrophic . | . . . Database Lockouts . | . . . Manual 1 | . 1 . Terminals 1 | . 1 . Fabricators . | . . . Repair Stations . | . . . Recycling Units . | . . . Scanalyzers . | . . . Garrison Access . | . . . Terminal Hacks . | . . . Fabricator Hacks . | . . . Repair Station Hacks . | . . . Recycling Unit Hacks . | . . . Scanalyzer . | . . . Garrison Access Hacks . | . . . Unauthorized Hacks 1 | . 1 . Terminals 1 | . 1 . Botnet 1 | . 1 . Fabricators . | . . . Repair Stations . | . . . Recycling Units . | . . . Scanalyzers . | . . . Garrison Access . | . . . Data Cores Recovered . | . . . Used . | . . . Hacking Detections . | . . . Full Trace Events . | . . . Feedback Events . | . . . Feedback Blocked . | . . . Robot Schematics Acquired . | . . . Robots Built . | . . . Authchips . | . . . Time . | . . . Total Robot Build Rating . | . . . Part Schematics Acquired . | . . . Parts Built . | . . . Authchips . | . . . Time . | . . . Total Part Build Rating . | . . . Part Studies Acquired . | . . . Parts Repaired . | . . . Time . | . . . Parts Recycled . | . . . Recycled Matter . | . . . Retrieved Matter . | . . . Retrieved Components . | . . . Parts Scanalyzed . | . . . Part Schematics Acquired . | . . . Parts Damaged . | . . . Bothacking | -11 -10 -10 ------------ Run | Yrd Mat Sub Used RIF Installer . | . . . Robots Hacked . | . . . Non-combat . | . . . Combat . | . . . Robot Hacks Applied . | . . . Relay Couplers Released . | . . . Fabnet Peak Effective % . | . . . Robots Rewired . | . . . Allies Hacked . | . . . Hacks Repelled . | . . . Allies | -11 -10 -10 -------- Run | Yrd Mat Sub Total Allies . | . . . Largest Group . | . . . Highest-Rated Group . | . . . Highest-Rated Ally . | . . . Total Orders . | . . . Ally Attacks . | . . . Total Damage . | . . . Kills . | . . . Allies Corrupted . | . . . Allies Melted . | . . . Intel | -11 -10 -10 ------- Run | Yrd Mat Sub Active Infowar (turns) 701 | 30 160 511 Terrain 701 | 30 160 511 Robot Analysis Total . | . . . Derelict Logs Recovered 1 | . . 1 Drone Launches . | . . . Drone Recoveries . | . . . Exploration | -11 -10 -10 ------------- Run | Yrd Mat Sub Turns Passed 849 | 148 160 541 Spaces Moved 437 | 68 100 269 Core 26 | 18 . 8 Treads 388 | 31 100 257 Legs 22 | 19 . 3 Wheels 1 | . . 1 Hover . | . . . Flight . | . . . Fastest Speed 50 | 50 160 110 Average Speed 159 | 152 160 160 Slowest Speed 250 | 250 160 200 Overloaded Moves . | . . . Propulsion Burnouts . | . . . Robots Hopped . | . . . Potential Cave-ins . | . . . Cave-ins Triggered . | . . . Exploration Rate (%) 13 | 4 13 22 Regions Visited 2 Branch Regions 1 Pre-discovered Areas 1 | . . 1 Known Exits Taken . | . . . Unknown Exits Taken 2 | 1 1 . Scrap Searched . | . . . Spaces Dug . | . . . Terrain Destroyed 8 | . . 8 Melee . | . . . Projectile . | . . . AOE 8 | . . 8 Terrain Rammed . | . . . Walls Destroyed . | . . . Machines Disabled . | . . . Actions | -11 -10 -10 --------- Run | Yrd Mat Sub Total 511 | 92 100 319 Wait . | . . . Move 435 | 67 99 269 Hop . | . . . Pick Up 7 | 5 1 1 Fast Attach 10 | 8 . 2 Attach 5 | . . 5 Detach 1 | 1 . . Swap 4 | 3 . 1 Drop 2 | . . 2 Fire 43 | 8 . 35 Melee . | . . . Ram . | . . . Kick 4 | . . 4 Crush . | . . . Escape Stasis . | . . . Rewire . | . . . Trap . | . . . Miscellaneous . | . . . Route ------- -11/Scrapyard -10/Materials -10/Subcaves History --------- Turn | Location | Event 27 | -11/Scrapyard | Discovered new exit (range 15) 149 | -11/Scrapyard | Entered Materials 291 | -10/Materials | Discovered new exit (range 11) 302 | -10/Materials | Build established: Mutant 309 | -10/Materials | Entered Subcaves 320 | -10/Subcaves | Learned location of Zion (-7) 320 | -10/Subcaves | Met a Zionite searching for "candidates" 495 | -10/Subcaves | Shifting Twisted Machinery released Sub. Monowheel 533 | -10/Subcaves | Shifting Twisted Machinery released Sub. Monowheel 538 | -10/Subcaves | Shifting Twisted Machinery released Sub. Power Source 538 | -10/Subcaves | Ambushed by angry Subdweller bent on revenge 758 | -10/Subcaves | A Subdweller sparked back to life 758 | -10/Subcaves | A Subdweller sparked back to life 780 | -10/Subcaves | Core integrity fell below 50% 803 | -10/Subcaves | Core integrity fell below 20% 850 | -10/Subcaves | Destroyed by 8H-CSY(R) with Subdweller Laser Last Messages --------------- to Scrap Shield. 00801_ Subatomizers dissect the Disposable Heat Sink. 00813_ Kicked 8H-CSY(R). 00814_ Subatomizers dissect the Disposable Heat Sink. 00814_ Lgt. Assault Rifle destroyed. 00815_ Kicked 8H-CSY(R). 00819_ Kicked 8H-CSY(R) out of the way. 00819_ 8H-CSY(R) knocked back. 00820_ Imp. Terrain Scanner destroyed. 00822_ Acquired Sub. Laser. 00829_ Subatomizers dissect the Disposable Heat Sink. 00830_ Sub. Laser destroyed. 00832_ Acquired Sub. Monowheel. 00834_ Sub. Monowheel destroyed. 00836_ Aluminum Leg destroyed. 00842_ Subatomizers dissect the Disposable Heat Sink, destroying it. Map ----- +----------------------------------------------------+ | ???????????????????????????????? ??##### ##? | | ??????????????????????????????????## ##? | | ??????????????????????????????????# ## | | ????????????????????????????????"?## | | ????????????????????????????????#??## | | ???????????????????????????????#????# | | ???????????????????????????????????# " ## | | ??????????????????????????????????# " #### | | ??????????????????????????????"?? ""= #??# | | ????????????????????????????????? *" """ #### | | ??????????????????????? ?????? """ """ | | ??????????????????????? ????? ?" % "" | | ??????????????????????? #??? ???## "" | | ??????????????????#???? ???# #?##?# "" # | | ??????????????????# ??? ???#??## ## "" # | | ??????????????????? ??? ??????# "" | | ??????????????????? ## ?#?#??# " | | ???????????????????? ? # ?? ??## ## | | ????????????????????? ? ?#???##% ##### | | ?????????????????#??? # ?? ?"????# ###?# | | ????????????????## ??? ##? ?????## ###???? | | ????????????????# ??# #?? ?????# ##????## | | ???????????????## ## [ ##??????## #?##???? | | ??????????????## # ##?#?#### ####???#### | | ???????????# ## #?##### #??????# | | ?????????? @ ### ##???#?# | | ?????????? ## ##???## | | ???????????# # ## #??## | | ??????????????## ### #### #### | | ???????????????# # R## % ##?### ## | | ??????????? #?#??# ## | | ??????????? ! !#??#?#### ##### | | ????????????# ## ## " #????#####?#?? | | ?????????????##??### ###?### ##???????????? | | ???????????????#???##??????####<# ##????????????? | | ????????????????????????#????????###?????#?#????#? | | ??????????????????????????????#?????????#??#?????? | | ?????????????????#????????????#??#???????????????? | | ?????????????????????????????????????????????????? | | ??????????????????????????????????????#?#????????? | | ????????????????????????????????#?#??????????????? | | ???????????????????#??????????????#??????????????? | | ?????????????????????????????????????#????#????#?? | | ????????????????????????#???#?????????#??????????? | | ????????????????????????????#????????????????????# | | ?????????????????????????????????????????????????? | | ?????????????????????????????????????????????????? | | ?????????????????????????????????????????????????? | | ?????????????????????????????????????????????????? | | ?????????????????????????????????????????????????? | +----------------------------------------------------+ Best States ------------- Heat Dissipation 25 Energy Generation 10 Energy Capacity 250 Matter Stores 227 Matter Capacity 300 Sight Range 16 Terrain Scan Range 16 Terrain Scan Density 10 Evasion (%) 55 Recoil Reduction 2 Item Schematics ----------------- None Robot Schematics ------------------ None Fabricated ------------ Nothing Repaired ---------- Nothing Studied --------- None Alien Tech Used ----------------- None Achievements -------------- None Challenges ------------ None Game ------ Seed TowerExpertMinigun Manual? 0 Play Time 00:08:14 Cumulative 35.3 hours Start 2025.11.30 @ 00:10:35 End 2025.11.30 @ 00:15:43 Sessions 1 Manual Loads 0 Difficulty Rogue Special Mode None Game No. 92 Rogue 92 Adventurer 0 Explorer 0 Win Type - Total 0 Types 0/0/0/0/0/0/0/0/0/0 Lore% 9 Gallery% 21 Achievement% 15 Wizard Run 0 Options --------- Layout 1 ASCII 0 Keyboard 0 Movement Numpad Keybinds 0 Fullscreen 1 Font 24/Smallcaps Map View 50x35 Zoom Use 0% Tactical HUD 1 Map Filters NONE Filters NONE Steam 1 RUN: 2a8ae16c-4d31-4bf1-996a-e550c2f0efc0